Map: 烏瑞那

Players

Expect - Winner!

  • Race: Terran Terran
  • League: Master

Fist

  • Race: Zerg Zerg

Event: 2016 WCS Winter Challenger Taiwan

VOD

Have the link to the VOD?

Description

Time

  • Played on: Jan. 9, 2016, 6:42 a.m.
  • Length: 8:54

All games in this series

Show
View Real Time Build Order
Export as new Build Order

Expect Terran - Winner!

Build Orders: Reaper Expand 

Get SALT Encoding   

  12  0:00  SCV  
  13  0:12  SCV  
  14  0:18  Supply Depot  
  14  0:25  SCV  
  15  0:39  SCV  
  15  0:40  Barracks  
  16  0:45  Refinery  
  16  0:51  SCV  
  17  1:03  SCV  
  18  1:16  SCV  
  19  1:28  Orbital Command  
  19  1:29  Reaper  
  20  1:43  Command Center  
  20  1:54  SCV  
  20  1:55  Supply Depot  
  21  2:01  Marine  
  22  2:10  Factory, SCV  
  23  2:17  Refinery  
  23  2:22  SCV  
  24  2:31  Barracks Reactor  
  24  2:34  SCV  
  25  2:46  SCV  
  26  2:55  Orbital Command  
  26  2:58  SCV  
  26  2:59  Factory Tech Lab  
  26  3:01  Starport  
  27  3:09  Marine x2  
  27  3:11  SCV  
  30  3:17  Bunker  
  30  3:21  SCV  
  30  3:22  Siege Tank  
  30  3:23  SCV  
  30  3:26  Orbital Command  
  35  3:27  Marine x2  
  37  3:36  SCV  
  37  3:43  Medivac  
  37  3:45  Marine x2  
  40  3:49  SCV  
  40  3:50  Supply Depot  
  40  3:53  SCV  
  42  3:56  Orbital Command  
  42  4:04  Marine x2  
  42  4:09  SCV  
  45  4:12  Siege Tank  
  48  4:20  Bunker  
  48  4:21  Supply Depot, SCV  
  48  4:22  Marine x2  
  48  4:23  SCV  
  52  4:31  Medivac  
  54  4:37  Barracks  
  54  4:38  Barracks  
  54  4:43  SCV x2  
  56  4:48  Supply Depot  
  56  4:54  Marine  
  56  4:55  SCV x2, Marine  
  60  5:03  Supply Depot  
  60  5:07  SCV x2  
  60  5:10  Siege Tank  
  65  5:22  Marine  
  65  5:23  Starport Reactor  
  65  5:26  SCV x2  
  69  5:31  Barracks Reactor, Supply Depot  
  69  5:32  Barracks Tech Lab  
  67  5:36  Marine  
  67  5:38  SCV  
  67  5:40  Marine  
  67  5:51  Marine  
  67  5:53  SCV x2  
  67  5:54  Marine  
  71  5:57  Command Center  
  71  6:00  Stimpack  
  71  6:01  Engineering Bay  
  71  6:02  Engineering Bay  
  70  6:05  SCV  
  70  6:06  SCV  
  72  6:15  Barracks  
  72  6:16  Barracks  
  72  6:17  Supply Depot  
  72  6:18  SCV x2  
  71  6:26  Marine  
  71  6:27  Siege Tank, Marine  
  71  6:32  SCV x2  
  78  6:44  Marine  
  78  6:45  Marine  
  80  6:50  Terran Infantry Weapons Level 1, Terran Infantry Armor Level 1  
  80  6:51  Missile Turret  
  80  6:52  Missile Turret  
  80  6:54  Marine x3  
  83  7:08  Marine  
  83  7:09  Marine x2  
  83  7:10  Marine  
  83  7:11  Medivac x2  
  83  7:12  Orbital Command, Marine x3  
  93  7:15  SCV  
  93  7:17  Refinery  
  93  7:18  Refinery  
  94  7:26  Marine x2  
  90  7:32  Marine x2  
  90  7:33  Marine  
  90  7:36  Barracks Reactor x2  
  87  7:41  Barracks  
  87  7:42  Orbital Command  
  87  7:43  SCV x2  
  89  7:44  Barracks  
  87  7:52  Marine x3  
  87  7:53  Marine x2  
  87  7:54  Medivac x2  
  96  7:58  SCV  
  96  7:59  SCV  
  85  8:13  Marine x2  
  85  8:14  Marine  
  85  8:16  Marine x4  
  85  8:17  Marine x2  
  82  8:20  Siege Tank  
  82  8:24  SCV x2  
  82  8:25  SCV  
  83  8:31  Marine x3  
  83  8:33  Barracks Reactor, Marine  
  83  8:34  Barracks Reactor  
  87  8:44  Supply Depot  
  87  8:53  Armory  
Show
View Real Time Build Order
Export as new Build Order

Fist Zerg 

Build Orders: Hatch First 

Get SALT Encoding   

  12  0:00  Drone  
  13  0:12  Overlord  
  13  0:17  Drone  
  14  0:31  Drone x2  
  14  0:35  Drone  
  17  0:52  Hatchery  
  16  1:03  Extractor  
  15  1:08  Spawning Pool  
  15  1:10  Drone  
  15  1:15  Drone  
  16  1:19  Drone  
  17  1:27  Drone  
  18  1:34  Drone  
  19  1:45  Overlord  
  19  1:54  Queen  
  19  1:56  Zergling x2  
  22  2:03  Metabolic Boost  
  22  2:06  Zergling x2  
  23  2:08  Queen  
  25  2:21  Spore Crawler  
  24  2:23  Zergling x4  
  24  2:27  Drone x2  
  24  2:28  Drone  
  28  2:50  Drone x4  
  32  2:59  Overlord  
  32  3:05  Zergling x2  
  33  3:08  Zergling x4  
  35  3:18  Zergling x6  
  38  3:20  Hatchery  
  37  3:29  Drone x4  
  41  3:41  Drone x2  
  42  3:47  Overlord  
  42  3:54  Overlord  
  42  4:05  Drone x6  
  42  4:06  Lair  
  47  4:17  Zergling x4  
  47  4:20  Queen  
  51  4:25  Extractor  
  51  4:26  Extractor  
  51  4:27  Drone x4  
  51  4:28  Extractor  
  52  4:32  Queen  
  54  4:39  Drone x3  
  57  5:00  Drone x8  
  57  5:04  Overlord  
  64  5:08  Spire  
  63  5:20  Zergling x2  
  63  5:21  Zergling x4  
  61  5:24  Zergling x4  
  61  5:33  Spine Crawler  
  61  5:34  Zergling x8  
  61  5:35  Spine Crawler, Zergling x4  
  65  5:38  Zergling x2  
  66  5:45  Zergling x4  
  66  5:46  Queen  
  66  5:48  Zergling x6  
  72  5:54  Zergling x2  
  69  6:01  Spine Crawler  
  64  6:04  Spine Crawler  
  64  6:05  Zergling x12  
  65  6:12  Zergling x2  
  65  6:13  Zergling x2  
  66  6:22  Zergling x4  
  66  6:23  Zergling x6  
  61  6:30  Mutalisk  
  61  6:31  Mutalisk x2  
  64  6:39  Mutalisk x2  
  63  6:50  Mutalisk x2  
  67  6:58  Overlord x2  
  67  7:04  Zergling x2  
  68  7:09  Overlord x2  
  68  7:21  Zergling x2  
  67  7:35  Zergling x4  
  68  7:42  Hatchery  
  66  7:48  Zergling x2  
  66  7:49  Zergling x6  
  70  7:51  Hatchery  
  51  8:13  Zergling x4  
Tags
 
Add a new tag
Caveats
  • Supply blocks, unpowered buildings, or Contaminate may cause inaccurate times.
  • Supply counts are checked every 10 seconds.